 Dungeon Crawl Stone Soup version 0.18.1-48-g4cf74bf (webtiles) character file.

94 Joat the Digger (level 4, 0/28 HPs)
             Began as an Octopode Earth Elementalist on Aug 9, 2016.
             Succumbed to an adder's poison
             ... on level 2 of the Dungeon.
             The game lasted 00:08:58 (1848 turns).

Joat the Digger (Octopode Earth Elementalist)       Turns: 1848, Time: 00:09:00

Health: 0/28       AC:  2    Str:  7    XL:     4   Next: 63%
Magic:  6/8        EV:  8    Int: 17    God:
Gold:   83         SH: 10    Dex: 13    Spells: 1 memorised, 7 levels left

rFire  . . .     SeeInvis .     r - -1 dagger (curse)
rCold  . . .     Gourm    .     f - +1 large shield
rNeg   . . .     Faith    .     q - +1 hat
rPois  .         Spirit   .     (no amulet)
rElec  .         Dismiss  .     d - ring of stealth
rCorr  .         Reflect  .     (no ring)
SustAt .         Harm     .     (no ring)
MR     .....                    (no ring)
Stlth  ++++......               (no ring)
                                (no ring)
                                (no ring)
                                (no ring)

@: lethally poisoned (0 -> -8), very slightly contaminated, not resistant to
hostile enchantments, stealthy
A: almost no armour, amphibious, 8 rings, constrict 8, camouflage 1, gelatinous
body 1
a: no special abilities


You were on level 2 of the Dungeon.
You were not hungry.

You visited 1 branch of the dungeon, and saw 2 of its levels.

You collected 83 gold pieces.

Inventory:

Hand Weapons
 r - a cursed -1 dagger (weapon)
Missiles
 a - 79 stones
 e - 7 javelins (quivered)
Armour
 f - a +1 large shield (worn)
 q - a +1 hat (worn)
Jewellery
 d - a ring of stealth (left tentacle)
Potions
 g - a potion of magic
 i - 2 potions of agility {unknown}
 k - a potion of haste
 l - a potion of berserk rage {unknown}
 n - a potion of lignification {unknown}
 p - 3 potions of curing {unknown}
 s - a potion of degeneration {unknown}
Books
 b - a book of Geomancy

   Spells                             Type                      Level
   a - Sandblast                      Earth                        1
   b - Passwall                       Transmutation/Earth          2
   c - Stone Arrow                    Conjuration/Earth            3
   d - Petrify                        Transmutation/Earth          4
   e - Lee's Rapid Deconstruction     Earth                        5
Comestibles
 c - 2 bread rations
 h - a slice of pizza
 j - 3 meat rations
 m - 2 fruits
 o - 3 chunks of flesh


   Skills:
 + Level 1.5 Fighting
 + Level 2.9 Dodging
 - Level 2.6 Stealth
 + Level 0.2 Shields
 + Level 0.4 Unarmed Combat
 - Level 2.7 Spellcasting
   Level 1.0 Transmutations
 - Level 3.6 Earth Magic


You had 7 spell levels left.
You knew the following spells:

 Your Spells              Type           Power        Failure   Level  Hunger
a - Sandblast             Erth           ##....       92%         1    #......


Dungeon Overview and Level Annotations

Branches:
Dungeon (2/15)

Altars:


Innate Abilities, Weirdness & Mutations

You cannot wear most types of armour.
You are amphibious.
You can wear up to eight rings at the same time.
You can use your tentacles to constrict eight enemies at once.
Your skin changes colour to match your surroundings (Stealth).
Your rubbery body absorbs attacks (AC +1).


Message History

Aiming: Sandblast
Press: ? - help, Shift-Dir - straight line, f/p - adder
Aim: an adder You miscast Sandblast.
You feel earthy.
You feel sick. The adder bites you. You block the adder's attack.
You block the adder's attack.
You feel sick. The adder bites you. The adder barely misses you.
You hit the adder. Your grab misses the adder. You squeeze the adder!
The adder is almost dead.
You feel sick. The adder bites you.
* * * LOW HITPOINT WARNING * * *
You are more poisoned.
The adder poisons you! You block the adder's attack.
* * * LOW HITPOINT WARNING * * *
You feel sick.
* * * LOW HITPOINT WARNING * * *
You feel sick.
* * * LOW HITPOINT WARNING * * *
You feel sick.
You die...

##.##..##.#........##
#.###...............
#.#####............#
##......#.#..........
#..............#####. ####
.....######..#.....# ## #.. #####
####....###.##### ###.###
##....#........... .##...##
##@.#.######.)....# .).....##
##.....########..#.. ........#
####.S........รท.)......
........###.lS..#######.#####.###
.............#.## #...<# #...#
.......#####g#.# ##########....
.##...## ###...# #....... #######
#...### # ####.... #..#####.##..#
#....


You could see 2 adders, a giant gecko and a goblin.

Vanquished Creatures
  5 adders (D:2)
  3 oozes
  2 dart slugs
  A giant gecko (D:2)
  5 bats
  4 goblins (D:2)
  5 hobgoblins
  A giant newt (D:2)
  3 kobolds
  6 rats
35 creatures vanquished.

Notes
Turn   | Place    | Note
--------------------------------------------------------------
     0 | D:1      | Joat the Octopode Earth Elementalist began the quest for the Orb.
     0 | D:1      | Reached XP level 1. HP: 11/11 MP: 3/3
   569 | D:1      | Reached XP level 2. HP: 18/18 MP: 3/5
  1013 | D:2      | Reached XP level 3. HP: 22/22 MP: 4/6
  1020 | D:2      | Reached skill level 1 in Fighting
  1516 | D:2      | Reached XP level 4. HP: 20/28 MP: 5/8
  1846 | D:2      | HP: 1/28 [poisoned by an adder]
  1848 | D:2      | Succumbed to an adder's poison

Skill      XL: |  1  2  3 |
---------------+----------+-----
Fighting       | 1 |  1.5
Dodging        | |  2.9
Stealth        | |  2.6
Shields        | |  0.2
Unarmed Combat | |  0.4
Spellcasting   | |  2.7
Transmutations | |  1.0
Earth Magic    | |  3.6

Action                   |  1- 3 |  4- 6 || total
-------------------------+-------+-------++-------
Melee: Constrict         |     5 |     3 ||     8
       Tentacles         |     1 |     2 ||     3
       Dagger            |       |    15 ||    15
 Cast: Sandblast         |    42 |     6 ||    48
  Use: Scroll            |       |     6 ||     6
 Stab: Sleeping          |     2 |     4 ||     6
  Eat: Chunk             |     2 |     1 ||     3
Armor: Skin              |     6 |     1 ||     7
Dodge: Dodged            |    21 |    10 ||    31
Block: Large shield      |       |     5 ||     5
